 Dungeon Crawl Stone Soup version 0.29-a0-887-gcbe080d7e0 (webtiles) character file.

Game seed: 12370029022083596947

816494 ragingrage the Conqueror (level 27, -3/244 (249) HPs)
             Began as a Formicid Abyssal Knight on July 19, 2022.
             Was a Priest of Lugonu.
             Killed from afar by a starcursed mass (6 damage)
             ... with an accursed screaming
             ... summoned by a demonspawn corrupter
             ... on level 13 of a ziggurat on July 21, 2022.
             The game lasted 03:18:40 (87970 turns).

ragingrage the Conqueror (Formicid Abyssal Knight) Turns: 87970, Time: 03:18:40

HP:   -3/244 (249)  AC: 50    Str: 31    XL:     27
MP:   25/34         EV: 16    Int:  9    God:    Lugonu [***...]
Gold: 6873          SH: 17    Dex: 23    Spells: 26/26 levels left

rFire   + + +      SeeInvis +   a - +7 executioner's axe "Ekhleocw" {flame, Will+ Dex+3}
rCold   + + +      Faith    .   e - +0 kite shield {rN+}
rNeg    + + .      Spirit   .   j - +12 gold dragon scales
rPois   +          Reflect  .   (helmet unavailable)
rElec   +          Harm     .   S - scarf {repulsion}
rCorr   +          Rampage  +   Y - +3 pair of gauntlets of War {Slay+5}
Will    +++++                   Z - +2 pair of boots {rampage}
Stlth   ..........              y - amulet of regeneration
HPRegen 1.30/turn               g - ring "Kithiu" {rC+ rN+ Str+6}
MPRegen 0.24/turn               i - ring of Pietwiwe {rElec Will+ rCorr AC+4 Stlth+}

@: resistant, weakened, studying 4 skills, lightly drained, invisible, repel
missiles
A: permanent stasis, dig shafts and tunnels, antennae 3, four strong arms,
hooves 1, dopey 1, fire resistance 1, low MP 1, strong-willed 1, poison
resistance, inability to read while threatened 1, MP-powered wands, noise
suppression
}: 9/15 runes: serpentine, barnacled, slimy, silver, abyssal, demonic, magical,
fiery, dark
a: Dig, Shaft Self, Renounce Religion, Depart the Abyss, Bend Space, Banish


You were on level 13 of a ziggurat.
You worshipped Lugonu.
Lugonu was most pleased with you.
You visited 11 branches of the dungeon, and saw 52 of its levels.
You visited Pandemonium 1 time, and saw 10 of its levels.
You visited the Abyss 9 times.
You visited 1 bazaar.
You visited 1 ziggurat, and saw 13 of its levels.
You also visited: Trove and Ice Cave.

You collected 10641 gold pieces.
You spent 3768 gold pieces at shops.

Inventory:

Hand Weapons
 a - the +7 executioner's axe "Ekhleocw" (weapon) {flame, Will+ Dex+3}
   (You acquired it on level 3 of a ziggurat)

   It burns those it strikes, dealing additional fire damage.
   Big, fiery blades are also staple armaments of hydra-hunters.
   Dex:       It affects your dexterity (+3).
   Will:      It increases your willpower.
 b - a +9 arbalest of freezing
 r - the +8 battleaxe "Meumn" {antimagic, rF+ SInv}
   (You found it in an ice cave)

   It reduces the magical energy of the wielder, and disrupts the spells and
   magical abilities of those it strikes.
   Natural abilities and divine invocations are not affected.
   rF:        It protects you from fire.
   SInv:      It lets you see invisible.
Missiles
 A - 20 curare-tipped darts (quivered)
 C - 16 silver javelins
 G - 6 throwing nets
Armour
 e - a +0 kite shield of positive energy (worn)
 j - +12 gold dragon scales (worn)
 n - a +2 tower shield of reflection
 S - a scarf of repulsion (worn)
 Y - the +3 pair of gauntlets of War (worn) {Slay+5}
   (You found it on level 2 of the Vaults)

   Slay:      It affects your accuracy & damage with ranged weapons and melee
   (+5).
 Z - a +2 pair of boots of rampaging (worn)
Jewellery
 g - the ring "Kithiu" (left hand) {rC+ rN+ Str+6}
   (You bought it in a shop on level 4 of the Dungeon)

   [ring of strength]

   Str:       It affects your strength (+6).
   rC:        It protects you from cold.
   rN:        It protects you from negative energy.
 i - the ring of Pietwiwe (right hand) {rElec Will+ rCorr AC+4 Stlth+}
   (You found it on level 3 of the Depths)

   [ring of protection]

   AC:        It affects your AC (+4).
   rElec:     It insulates you from electricity.
   rCorr:     It protects you from acid and corrosion.
   Will:      It increases your willpower.
   Stlth:     It makes you more stealthy.
 y - an amulet of regeneration (around neck)
 X - the ring of Ijikoteal {rF+ rN+}
   (You bought it in a shop in a bazaar)

   [ring of protection from fire]

   rF:        It protects you from fire.
   rN:        It protects you from negative energy.
Wands
 o - a wand of light (44)
 v - a wand of charming (15)
 E - a wand of flame (104)
 F - a wand of digging (15)
 N - a wand of polymorph (17)
 R - a wand of mindburst (29)
 V - a wand of iceblast (48)
Scrolls
 h - 4 scrolls of silence
 p - 3 scrolls of magic mapping
 q - 8 scrolls of butterflies
 s - 4 scrolls of poison
 t - 19 scrolls of amnesia
 u - 10 scrolls of fog
 x - 2 scrolls of fear
 z - 15 scrolls of enchant weapon
 L - 5 scrolls of enchant armour
 T - 3 scrolls of brand weapon
 W - 3 scrolls of summoning
Potions
 c - 12 potions of curing
 d - 13 potions of brilliance
 k - 2 potions of cancellation
 l - 9 potions of invisibility
 m - 11 potions of mutation
 w - 7 potions of magic
 J - 12 potions of ambrosia
 K - 7 potions of flight
 M - 2 potions of attraction
 P - 3 potions of resistance
Miscellaneous
 D - a phantom mirror
 I - a box of beasts (inert)
 O - a lightning rod (4/4)
 Q - a tin of tremorstones (inert)
 U - a condenser vane (inert)


   Skills:
 O Level 27 Fighting
 - Level 24.0 Axes
 - Level 18.0 Ranged Weapons
 + Level 13.2 Throwing
 - Level 25.1 Armour
 - Level 14.0 Dodging
 - Level 20.0 Shields
 - Level 23.0 Invocations
 - Level 20.0 Evocations


You had 26 spell levels left.
You didn't know any spells.
Your spell library contained the following spells:

 Spells                   Type           Power      Damage    Failure   Level
 Apportation              Tloc           0%         N/A       97%         1
 Beastly Appendage        Tmut           0%         N/A       97%         1
 Foxfire                  Conj/Fire      0%         2x1d4     97%         1
 Magic Dart               Conj           0%         1d3       97%         1
 Necrotise                Necr           0%         1d4       97%         1
 Shock                    Conj/Air       0%         1d3       97%         1
 Slow                     Hex            0%         N/A       97%         1
 Sting                    Tmut/Pois      0%         1d3       97%         1
 Summon Small Mammal      Summ           0%         N/A       97%         1
 Call Imp                 Summ           0%         N/A       99%         2
 Ensorcelled Hibernation  Hex/Ice        0%         N/A       99%         2
 Passwall                 Tmut/Erth      0%         N/A       99%         2
 Poisonous Vapours        Pois/Air       0%         N/A       99%         2
 Scorch                   Fire           0%         2d5       99%         2
 Searing Ray              Conj           0%         2d4       99%         2
 Static Discharge         Conj/Air       0%         3-3/arc   99%         2
 Sublimation of Blood     Necr           0%         N/A       99%         2
 Wereblood                Tmut           0%         N/A       99%         2
 Confusing Touch          Hex            0%         N/A       100%        3
 Conjure Flame            Conj/Fire      0%         6-21      100%        3
 Dazzling Flash           Conj/Hex       0%         N/A       100%        3
 Gell's Gravitas          Tloc           0%         N/A       100%        3
 Ignite Poison            Fire/Tmut/Pois 0%         N/A       100%        3
 Inner Flame              Hex/Fire       0%         N/A       100%        3
 Lesser Beckoning         Tloc           0%         N/A       100%        3
 Mephitic Cloud           Conj/Pois/Air  0%         N/A       100%        3
 Portal Projectile        Hex/Tloc       0%         N/A       100%        3
 Spider Form              Tmut/Pois      0%         N/A       100%        3
 Stone Arrow              Conj/Erth      0%         3d7       100%        3
 Summon Guardian Golem    Hex/Summ       0%         N/A       100%        3
 Teleport Other           Tloc           0%         N/A       100%        3
 Tukima's Dance           Hex            0%         N/A       100%        3
 Airstrike                Air            0%         0-1+      100%        4
 Anguish                  Hex/Necr       0%         N/A       100%        4
 Animate Armour           Summ/Erth      0%         N/A       100%        4
 Animate Dead             Necr           0%         N/A       100%        4
 Dispel Undead            Necr           0%         3d6       100%        4
 Flame Wave               Conj/Fire      0%         2d4       100%        4
 Fulminant Prism          Conj/Hex       0%         3d6       100%        4
 Iskenderun's Mystic Bla  Conj/Tloc      0%         2d3       100%        4
 Leda's Liquefaction      Hex/Erth       0%         N/A       100%        4
 Olgreb's Toxic Radiance  Pois           0%         N/A       100%        4
 Passage of Golubria      Tloc           0%         N/A       100%        4
 Petrify                  Tmut/Erth      0%         N/A       100%        4
 Sticky Flame             Conj/Fire      0%         2d3       100%        4
 Summon Ice Beast         Ice/Summ       0%         N/A       100%        4
 Summon Lightning Spire   Summ/Air       0%         N/A       100%        4
 Agony                    Necr           0%         N/A       100%        5
 Alistair's Intoxication  Tmut/Pois      0%         N/A       100%        5
 Blade Hands              Tmut           0%         N/A       100%        5
 Borgnjor's Vile Clutch   Necr/Erth      0%         N/A       100%        5
 Freezing Cloud           Conj/Ice/Air   0%         6-21      100%        5
 Irradiate                Conj/Tmut      0%         3d11      100%        5
 Iskenderun's Battlesphe  Conj           0%         2d6       100%        5
 Lee's Rapid Deconstruct  Erth           0%         3d5*      100%        5
 Metabolic Englaciation   Hex/Ice        0%         N/A       100%        5
 Summon Forest            Summ/Tloc      0%         N/A       100%        5
 Summon Mana Viper        Hex/Summ       0%         N/A       100%        5
 Yara's Violent Unravell  Hex/Tmut       0%         3d3       100%        5
 Conjure Ball Lightning   Conj/Air       0%         3x3d6     100%        6
 Dispersal                Tloc           0%         N/A       100%        6
 Iron Shot                Conj/Erth      0%         9d1       100%        6
 Simulacrum               Ice/Necr       0%         N/A       100%        6
 Statue Form              Tmut/Erth      0%         N/A       100%        6
 Summon Cactus Giant      Summ           0%         N/A       100%        6
 Dragon Form              Tmut           0%         N/A       100%        7
 Enfeeble                 Hex            0%         N/A       100%        7
 Haunt                    Necr/Summ      0%         N/A       100%        7
 Malign Gateway           Summ/Tloc      0%         N/A       100%        7
 Monstrous Menagerie      Summ           0%         N/A       100%        7
 Orb of Destruction       Conj           0%         9d5       100%        7
 Spellforged Servitor     Conj/Summ      0%         N/A       100%        7
 Discord                  Hex            0%         N/A       100%        8
 Disjunction              Tloc           0%         N/A       100%        8
 Infestation              Necr           0%         N/A       100%        8
 Lehudib's Crystal Spear  Conj/Erth      0%         10d2      100%        8
 Maxwell's Capacitive Co  Air            0%         ∞         100%        8
 Necromutation            Tmut/Necr      0%         N/A       100%        8
 Summon Horrible Things   Summ           0%         N/A       100%        8
 Chain Lightning          Conj/Air       0%         N/A       100%        9
 Fire Storm               Conj/Fire      0%         5d1       100%        9
 Polar Vortex             Ice            0%         N/A       100%        9
 Shatter                  Erth           0%         3d5*      100%        9
 Swiftness                Air            Unusable   N/A       N/A         3

Dungeon Overview and Level Annotations

Branches:
Dungeon (15/15)            Temple (0/1) D:5            Lair (5/5) D:10
 Shoals (4/4) Lair:2        Snake (4/4) Lair:2        Slime (5/5) Lair:4
    Orc (2/2) D:9             Elf (3/3) Orc:2        Vaults (5/5) D:14
  Crypt (0/3) Vaults:3     Depths (4/4) D:15           Hell (visited)
    Zot (4/5) Depths:4      IceCv (visited)
    Dis: Hell:1         Geh: Hell:1         Coc: Hell:1         Tar: Hell:1

Altars:
Elyvilon
Kikubaaqudgha
Makhleb
Qazlal
Xom
Yredelemnul
Zin
The Shining One
Jiyva
Lugonu

Shops:
D:2 :   D:4 =   D:5 =   Orc:2 ?(=*   Shoals:1 =   Snake:4 ![   Vaults:3 [
Vaults:4 ?   Depths:4 !

Portals:
Hell: Depths:1 Depths:2 Depths:3 Depths:4
Abyss: Lair:5 Depths:3 Depths:4
Pandemonium: Depths:2

Annotations:
D:2 Terence
D:6 Grinder
D:10 exclusion: downstairs
D:11 2 runed translucent doors, corrupted
Lair:2 corrupted
Lair:5 corrupted
Snake:3 corrupted
Snake:4 corrupted
Slime:1 corrupted
Slime:2 corrupted
Slime:4 corrupted
Slime:5 corrupted
Elf:2 corrupted, exclusion: 3 doors
Elf:3 corrupted
Vaults:2 corrupted
Vaults:5 corrupted
Depths:3 corrupted
Hell corrupted
Abyss:1 Ezureorgha's ghost, adept HOFi


Innate Abilities, Weirdness & Mutations

You cannot be hasted, slowed, berserked, paralysed or teleported.
You can dig through walls and to a lower floor.
You have a pair of large antennae on your head. (SInv)
Your four strong arms can wield two-handed weapons with a shield.
You have large cloven feet.
You are dopey. (Int -2)
Your flesh is heat resistant. (rF+)
Your magical capacity is low. (-10% MP)
You are strong-willed. (Will+)
Your system is resistant to poisons. (rPois)
You occasionally lose the ability to read scrolls when taking damage.
You expend magic power (3 MP) to strengthen your wands.
You passively dampen the noise of your surroundings.


Message History

* * * LOW HITPOINT WARNING * * *
Your Ice Fiend claws the Tzitzimitl but does no damage.
Your Ice Fiend claws the Tzitzimitl!
Your Ice Fiend freezes the Tzitzimitl!
The Tzitzimitl resists.
Unknown command.
Press: ? - help, v - describe, . - travel
Here: Yxzopoh, armed with a flaming touch (moderately wounded, absorbing vital energies, slow, ally target)
The floor.
Unknown command.
Found a phial of floods and a scroll of butterflies.
The demonspawn corrupter shouts!
The balrug gestures at you. Something smites you!
* * * LOW HITPOINT WARNING * * *
Your demonspawn corrupter is engulfed in freezing vapours.
You kill your demonspawn corrupter!
Your demonspawn corrupter's corpse dissolves into shadows!
Your golden dragon disappears in a puff of smoke!
Your moth of wrath disappears in a puff of smoke!
Your Tzitzimitl is engulfed in freezing vapours.
Your Tzitzimitl engulfs the Hell Sentinel but does no damage.
Your Tzitzimitl barely misses the Hell Sentinel.
The demonspawn black sun hits you from afar with a +0 demon trident!
* * * LOW HITPOINT WARNING * * *
You feel as though you will be weak longer.
The Tzitzimitl is engulfed in freezing vapours.
The Tzitzimitl calls on the powers of darkness!
Your body is wracked with pain!
* * * LOW HITPOINT WARNING * * *
The golden dragon convulses!
The Tzitzimitl is engulfed in freezing vapours.
The Ice Fiend gestures at you.
The bolt of cold misses the Hell Sentinel.
The bolt of cold hits the demonspawn black sun.
The demonspawn black sun completely resists.
The bolt of cold hits you. You resist.
* * * LOW HITPOINT WARNING * * *
The starcursed mass is engulfed in freezing vapours.
The starcursed mass shrieks in your mind.
You die...

▓▓▓▓▓▓▓▓▓▓▓
▓▓§1&@.....▓
▓▓§§1§§§.....▓
▓▓)§161§§......
▓▓§○§11§§☼......
▓▓§§§1§X§○§......
▓▓.§§D2§.°§§.....}
▓.∩§§§§§§§§☼.....?
▓▓....262.........
▓▓...H.......


You could see Yxzopoh (black mark, slow), a starcursed mass (summoned), 2 Hell
Sentinels, a golden dragon (summoned, distracted), 2 Tzitzimimeh, an Ice Fiend
(black mark), a demonspawn corrupter (black mark, unable to see you), a
demonspawn black sun (black mark, distracted, magic-sapped), a lorocyproca
(black mark, invisible), 2 balrugs, a friendly Tzitzimitl (summoned, fast, weak,
magic disrupted) and a friendly Ice Fiend (summoned, agile).

Vanquished Creatures
  Lom Lobon (Pan)
  A dread lich (Vaults:5)
  An ancient lich (Abyss:3)
  Mara (Depths:3)
  2 juggernauts
  Sojobo (Depths:1)
  2 royal mummies
  4 pandemonium lords (Pan)
  2 Killer Klowns
  Saint Roka (Depths:2)
  Bai Suzhen (Depths:1)
  Geryon (Hell)
  Vashnia (Snake:4)
  2 curse toes
  10 golden dragons
  the Enchantress (Depths:3)
  A profane servitor (Abyss:2)
  Jory (Depths:3)
  2 bone dragons
  5 Brimstone Fiends (Pan)
  2 electric golems
  A Tzitzimitl (Pan)
  9 tentacled monstrosities
  2 Ice Fiends (Pan)
  Jorgrun (D:14)
  3 Hell Sentinels (Pan)
  7 titans
  2 liches
  2 deep elf blademasters (Elf:3)
  19 acid blobs
  3 quicksilver dragons
  The ghost of Ezureorgha the Messiah, an adept HOFi of Beogh (Abyss:3)
  Murray (Hell)
  5 deep elf master archers
  A kraken (Shoals:4)
  22 Executioners
  6 death cobs
  6 tentacled starspawn
  15 storm dragons
  Polyphemus (Shoals:3)
  6 sphinxes
  7 tengu reavers
  4 shadow dragons
  Roxanne (D:15)
  3 nagarajas
  3 draconian knights
  10 frost giants
  11 rockslimes
  6 azure jellies
  9 demonspawn warmongers (Pan)
  5 draconian monks
  2 fenstrider witches (Zig:9)
  10 fire giants
  4 draconian scorchers
  An iron dragon (Depths:3)
  6 deep elf sorcerers
  18 vault wardens
  2 ghost moths (Zig:5)
  19 balrugs
  5 orc warlords
  An emperor scorpion (Zig:5)
  4 deep elf elementalists
  5 cacodemons
  A juggernaut zombie (Depths:2)
  2 draconian stormcallers
  4 draconian shifters
  6 spriggan defenders
  8 reapers (Pan)
  10 draconian annihilators
  2 curse skulls
  7 quicksilver oozes
  3 demonspawn corrupters
  A caustic shrike skeleton (Pan)
  5 war gargoyles
  20 ironbound preservers
  2 ironbound thunderhulks
  11 stone giants
  3 deep elf demonologists
  9 green draconians
  7 demonspawn blood saints (Pan)
  A juggernaut skeleton (Pan)
  30 very ugly things
  The ghost of Kighaor the Severer, a journeyman HOMo of Beogh (D:13)
  7 vampire knights
  Azrael (D:14)
  10 black draconians
  9 lorocyprocas
  2 red draconians
  2 eleionomae (Zig:9)
  Nessos (Orc:2)
  6 demonspawn black suns (Pan)
  4 entropy weavers
  8 deep elf annihilators
  10 purple draconians
  6 white draconians
  5 dire elephants
  A bunyip (Abyss:2)
  A wendigo (Depths:1)
  10 yellow draconians
  Snorg (D:11)
  14 spark wasps
  13 green deaths (Pan)
  3 iron golems
  2 jiangshi (Abyss:2)
  2 mummy priests
  5 ettins
  13 merfolk javelineers
  5 deep elf death magi
  31 blizzard demons (Pan)
  A fire dragon (shapeshifter) (Vaults:3)
  5 crystal guardians
  11 fire dragons
  5 deep elf high priests
  4 merfolk impalers
  9 great orbs of eyes
  A quicksilver dragon skeleton (Abyss:3)
  9 boulder beetles
  The ghost of greasedhog the Basher, a journeyman GrBe of Trog (Lair:2)
  2 salamander tyrants (Snake:4)
  9 rakshasas
  4 ice dragons
  4 peacekeepers
  27 vault guards
  4 hydras
  Harold (D:9)
  A ghost crab (Zig:9)
  A hell beast (Pan)
  13 yaktaur captains
  10 spriggan air magi
  5 ogre magi
  6 ironbound frosthearts
  8 centaur warriors
  6 catoblepae
  A juggernaut simulacrum (Pan)
  An alligator (Zig:9)
  4 merfolk avatars
  A fenstrider witch skeleton (Pan)
  An alligator snapping turtle (Shoals:2)
  A death knight (D:11)
  An alligator (shapeshifter) (Elf:2)
  5 merfolk aquamancers
  4 death yaks
  17 dancing weapons
  4 satyrs
  6 anacondas
  A vampire mage (Abyss:2)
  9 deep troll shamans
  4 death scarabs
  20 two-headed ogres
  2 tengu warriors (Depths:1)
  13 naga warriors
  10 hell hogs
  7 deep troll earth magi
  6 thrashing horrors
  An orc high priest (Zig:8)
  A shock serpent (shapeshifter) (Zig:10)
  6 deep elf knights
  60 sun demons
  Urug (D:11)
  16 naga sharpshooters
  11 shock serpents
  19 hell knights
  4 spriggan berserkers
  18 soul eaters
  9 wretched stars
  7 iron trolls
  A titan skeleton (Depths:2)
  7 shadow wraiths
  19 sixfirhies
  13 sea snakes
  A skeletal warrior (D:15)
  A spark wasp zombie (D:15)
  A golden dragon zombie (Zig:12)
  Lodul (D:14)
  3 salamander mystics
  A steelbarb worm (Zig:5)
  A goliath frog (shapeshifter) (Depths:1)
  A bunyip zombie (Abyss:3)
  2 flayed ghosts
  11 shadow demons (Pan)
  A bunyip skeleton (Pan)
  74 deep trolls
  12 orc knights
  12 deep elf archers
  An orange crystal statue (Zot:1)
  6 glowing orange brains
  A sphinx zombie (Vaults:3)
  6 phantasmal warriors
  15 wizards
  4 naga ritualists
  14 ironbound convokers
  A swamp dragon (shapeshifter) (Zig:10)
  9 lindwurms
  2 anaconda skeletons
  7 necromancers
  28 deep elf pyromancers
  A mana viper (shapeshifter) (Zig:10)
  11 mana vipers
  35 harpies
  4 shining eyes
  14 deep elf zephyrmancers
  A wolf spider (D:15)
  55 ugly things
  9 oklob plants
  An iron dragon skeleton (Pan)
  17 moths of wrath
  22 fauns
  An iron dragon zombie (Depths:2)
  A will-o-the-wisp (Abyss:2)
  22 manticores
  2 worldbinders
  15 cyclopes
  A shadow dragon skeleton (Pan)
  4 rust devils
  33 black mambas
  21 vault sentinels
  15 salamanders
  A fire giant skeleton (Zig:7)
  16 naga magi
  2 frost giant skeletons
  13 merfolk sirens
  An eye of devastation (Zig:11)
  3 apocalypse crabs
  2 torpor snails
  6 ice statues
  An eye of devastation (shapeshifter) (Vaults:5)
  3 gargoyles
  5 water nymphs
  6 elephants (Lair:4)
  13 guardian serpents
  12 orange demons
  A storm dragon simulacrum (Depths:2)
  13 cane toads
  44 smoke demons
  2 dire elephant skeletons (Pan)
  A molten gargoyle (Hell)
  4 efreet
  10 komodo dragons
  6 unseen horrors
  8 hellions
  A komodo dragon (shapeshifter) (Lair:5)
  32 yaktaurs
  4 freezing wraiths (Vaults:5)
  3 tengu conjurers
  A spriggan skeleton (D:15)
  8 demonic crawlers
  3 rime drakes
  7 ice devils
  3 kobold demonologists
  A golden dragon simulacrum (Hell)
  6 tormentors (Pan)
  8 ancient zymes
  29 hellwings
  2 red devils
  7 guardian mummies
  3 meliai (D:14)
  A queen bee (Lair:2)
  40 merfolk
  A troll (shapeshifter) (D:14)
  2 tarantellas (Vaults:4)
  18 polar bears
  17 trolls
  23 wind drakes
  A polar bear (shapeshifter) (Zig:8)
  44 slime creatures
  3 dream sheep (Lair:5)
  5 hornets
  Prince Ribbit (D:6)
  22 blink frogs
  3 harpy skeletons (Pan)
  3 snapping turtles
  7 raiju
  A blink frog (shapeshifter) (Elf:2)
  3 air elementals
  A culicivora (Vaults:4)
  2 jumping spiders (Zig:5)
  A naga simulacrum (Abyss:3)
  38 large abominations
  A shadow (D:11)
  A vampire (D:12)
  An ushabti (Zig:12)
  2 centaur simulacra (D:12)
  7 flying skulls
  6 wraiths
  32 ynoxinuls
  114 yaks
  2 ettin skeletons
  3 wyverns
  7 spriggans
  33 water elementals
  A hog (shapeshifter) (D:14)
  7 golden eyes
  A yak (shapeshifter) (Abyss:3)
  6 basilisks
  6 fire elementals
  26 chaos spawn
  9 neqoxecs
  Eustachio (D:4)
  A redback (shapeshifter) (Depths:4)
  4 vampire mosquitoes (D:12)
  Grum (D:11)
  3 wargs
  32 nagas
  A redback (Vaults:2)
  An acid dragon (D:12)
  8 hell hounds
  A floating eye (Depths:3)
  11 water moccasins
  An ice beast (D:12)
  13 orc warriors
  28 starcursed masses
  2 black bears
  A boggart (Elf:1)
  29 ogres
  51 wolves
  The ghost of chrisa4242 the Trooper, an amateur DjDe of Ru (D:3)
  9 centaurs
  A swamp dragon skeleton (Pan)
  10 kobold brigands
  A human zombie (Vaults:3)
  Blork the orc (D:6)
  A necrophage (D:5)
  3 gnoll sergeants
  5 bullfrogs
  2 earth elementals
  A scorpion (D:4)
  14 wights
  17 small abominations
  30 killer bees
  2 howler monkeys (D:11)
  4 electric eels
  A lava snake (Lair:2)
  5 quasits
  15 jellies
  An iron imp (Abyss:2)
  19 orc priests
  An iguana (shapeshifter) (Vaults:5)
  2 iguanas
  10 orc wizards
  7 hell rats (Lair:2)
  2 lightning spires (Zot:1)
  A boggart simulacrum (D:12)
  8 mummies
  23 gnolls
  7 adders
  4 shadow imps
  4 white imps
  3 ufetubi
  2 dart slugs
  52 orcs
  8 ball pythons
  6 endoplasms
  2 giant cockroaches
  3 goblins
  5 hobgoblins
  46 kobolds
  6 bats
  4 frilled lizards
  10 kobold skeletons (D:12)
  8 kobold zombies (D:12)
  A rat (D:2)
  A lurking horror (Abyss:3)
  8 starspawn tentacles
  3 tentacles (Shoals:4)
2918 creatures vanquished.

Vanquished Creatures (collateral kills)
  Vv (Zot:3)
  A titan (Vaults:5)
  A death cob (Zot:3)
  2 tengu reavers (Depths:1)
  A demonspawn warmonger (Zig:13)
  A fire giant (Vaults:5)
  A balrug (Hell)
  A reaper (Hell)
  A stone giant (Vaults:5)
  A merfolk javelineer (Shoals:4)
  An ice dragon (Zot:3)
  2 naga warriors
  A tengu warrior (Depths:1)
  A salamander mystic (Snake:3)
  An ironbound convoker (Vaults:5)
  A naga ritualist (Snake:3)
  A wizard (Vaults:3)
  2 molten gargoyles (Hell)
  A smoke demon (Hell)
  2 vault sentinels (Vaults:3)
  A merfolk (Shoals:4)
  A tengu conjurer (Depths:1)
  A golden eye (Zig:11)
  A naga (Snake:3)
  An acid dragon (Zot:3)
  An orc wizard (D:9)
  An orc (D:9)
31 creatures vanquished.

Vanquished Creatures (others)
  Cerebov (Pan)
  the Royal Jelly (Slime:5)
  Gloorx Vloq (Pan)
  2 pandemonium lords (Pan)
  A royal mummy (Zig:12)
  A golden dragon (Vaults:5)
  A Tzitzimitl (Pan)
  Rupert (Lair:5)
  3 Brimstone Fiends (Pan)
  A deep elf master archer (Elf:3)
  A deep elf blademaster (Elf:3)
  2 quicksilver dragons (Snake:4)
  A lich (Vaults:5)
  The ghost of Giahiaza the Warrior, an adept MeVM of Ashenzari (Snake:3)
  The ghost of Cifurakhle the Executioner, an adept MiBe of Trog (Snake:3)
  4 Executioners (Pan)
  7 acid blobs
  3 shadow dragons (Vaults:5)
  3 tengu reavers (Vaults:5)
  A wizard (Elf:2)
  Donald (Vaults:2)
  Ilsuiw (Shoals:4)
  A nagaraja (Snake:4)
  The ghost of Kuasaner the Warrior, an adept GrFi of Ashenzari (Snake:3)
  2 azure jellies
  5 rockslimes
  2 deep elf sorcerers
  A demonspawn warmonger (Pan)
  An orc warlord (Vaults:2)
  A cacodemon (Pan)
  A vault warden (Vaults:5)
  An iron dragon (Elf:2)
  3 balrugs (Pan)
  2 deep elf elementalists (Elf:2)
  A curse skull (Pan)
  A juggernaut zombie (Zig:12)
  2 ironbound thunderhulks (Vaults:2)
  A spriggan defender (Depths:3)
  The ghost of Ylieph the Eclecticist, a journeyman DECj of Vehumet (Snake:3)
  A reaper (Pan)
  3 quicksilver oozes
  5 demonspawn corrupters (Pan)
  2 war gargoyles (Vaults:5)
  A demonspawn blood saint (Pan)
  2 stone giants
  2 deep elf demonologists (Vaults:5)
  3 deep elf annihilators (Elf:3)
  3 demonspawn black suns (Pan)
  2 mummy priests (Zig:12)
  2 deep elf death magi
  4 blizzard demons (Pan)
  6 great orbs of eyes
  3 green deaths (Pan)
  An ice dragon (Elf:2)
  A deep elf high priest (Vaults:5)
  A salamander tyrant (Snake:4)
  A hell beast (Pan)
  2 ironbound frosthearts (IceCv)
  4 hydras
  2 yaktaur captains
  7 vault guards (Vaults:5)
  A juggernaut simulacrum (Pan)
  An anaconda (Snake:2)
  2 naga warriors
  A centaur warrior (D:11)
  A deep troll shaman (Depths:3)
  A naga sharpshooter (Snake:2)
  6 hell hogs
  4 hell knights
  10 soul eaters
  8 sun demons (Pan)
  3 iron trolls (Hell)
  5 sixfirhies (Pan)
  4 shadow demons (Pan)
  7 deep trolls
  2 phantasmal warriors (Vaults:5)
  3 necromancers (Hell)
  A cherub (Pan)
  3 ironbound convokers
  4 orc knights
  A deep elf pyromancer (Elf:2)
  6 shining eyes
  A cyclops (D:11)
  An ugly thing (Vaults:2)
  A frost giant zombie (Zig:12)
  2 vault sentinels
  3 rust devils
  18 smoke demons (Pan)
  A guardian serpent (Snake:4)
  An eye of devastation (Slime:5)
  A demonic crawler (Pan)
  3 orange demons (Pan)
  A kobold demonologist (D:11)
  A cane toad (Lair:5)
  A yaktaur (Vaults:2)
  4 hellions (Pan)
  A komodo dragon (Lair:5)
  8 hellwings (Pan)
  4 guardian mummies (Zig:12)
  A red devil (Pan)
  An ice devil (Pan)
  A troll (D:11)
  4 polar bears (IceCv)
  A meliai (shapeshifter) (Lair:5)
  3 dream sheep (Lair:5)
  23 slime creatures
  A stone giant simulacrum (Hell)
  A snapping turtle (Shoals:4)
  3 air elementals (Elf:2)
  A centaur simulacrum (D:11)
  5 large abominations (Pan)
  2 spriggans (Depths:3)
  5 ushabtiu (Zig:12)
  A shadow (D:11)
  A dire elephant simulacrum (Hell)
  6 ynoxinuls (Pan)
  4 yaks (IceCv)
  A water elemental (Elf:2)
  2 neqoxecs
  2 fire elementals (Elf:2)
  2 chaos spawn (Pan)
  A naga (Snake:3)
  An acid dragon (D:11)
  A human skeleton (Zig:12)
  An orc warrior (Vaults:5)
  A centaur (D:11)
  A wolf (IceCv)
  An earth elemental (Elf:2)
  A killer bee (D:11)
  4 hell rats (Hell)
  3 mummies (Zig:12)
  6 orcs (Vaults:5)
  3 ball lightnings (Pan)
  A bush (Lair:3)
  3 foxfires
  31 fungi
  317 plants
  165 starspawn tentacles
  5 tentacles (Shoals:4)
  3 toadstools (D:12)
870 creatures vanquished.

Grand Total: 3819 creatures vanquished

Notes
Turn   | Place    | Note
-------+----------+-------------------------------------------
     0 | Abyss:1  | ragingrage the Formicid Abyssal Knight began the quest for
                  | the Orb.
     0 | Abyss:1  | Reached XP level 1. HP: 18/18 MP: 2/2
     1 | D:1      | Escaped the Abyss
     4 | D:1      | Noticed an elf
     4 | D:1      | Noticed a minotaur
     6 | D:1      | Noticed a demonspawn
     6 | D:1      | Noticed an octopode
    10 | D:1      | Noticed a gargoyle
    10 | D:1      | Noticed a merfolk
    12 | D:1      | Noticed a demigod
    14 | D:1      | Noticed a human
    16 | D:1      | Noticed a troll
    16 | D:1      | Noticed a draconian
    18 | D:1      | Noticed a formicid
    18 | D:1      | Noticed an ogre
    20 | D:1      | Noticed a spriggan
    20 | D:1      | Noticed a vampire
    22 | D:1      | Noticed a tengu
    22 | D:1      | Noticed a dwarf
    24 | D:1      | Noticed a ghoul
    26 | D:1      | Noticed a felid
    26 | D:1      | Noticed a naga
    28 | D:1      | Noticed a vine stalker
    46 | D:1      | Reached skill level 1 in Dodging
   186 | D:1      | Reached XP level 2. HP: 24/24 MP: 3/3
   470 | D:1      | Found a faded altar of an unknown god.
   859 | D:1      | Reached XP level 3. HP: 19/29 MP: 4/4
  1060 | D:1      | Reached XP level 4. HP: 25/35 MP: 5/5
  1169 | D:2      | Noticed Terence
  1788 | D:2      | Found the +7 Kryia's mail coat {PotionHeal*2 rC+}
  1978 | D:2      | Found Kupiunil's Book Boutique.
  2004 | D:2      | Reached XP level 5. HP: 41/41 MP: 6/6
  2184 | D:3      | Reached *** piety under Lugonu
  2370 | D:3      | Reached skill level 5 in Axes
  2672 | D:3      | Found a runed translucent gate.
  2673 | D:3      | Found a runed translucent gate.
  2673 | D:3      | Found a runed translucent gate.
  2680 | D:3      | Noticed chrisa4242's ghost (amateur DjDe)
  2918 | D:4      | Reached XP level 6. HP: 47/47 MP: 7/7
  2986 | D:4      | Found Gijakasi's Jewellery Shoppe.
  3201 | D:4      | Found a shimmering altar of Xom.
  3204 | D:4      | Found a basalt altar of Yredelemnul.
  3419 | D:4      | Noticed Eustachio
  3842 | D:4      | Killed Eustachio
  3843 | D:4      | Reached XP level 7. HP: 43/52 MP: 8/8
  3903 | D:5      | Entered Level 5 of the Dungeon
  4052 | D:5      | Found a staircase to the Ecumenical Temple.
  4165 | D:5      | Found Hoirexi's Jewellery Shop.
  4222 | D:4      | Bought a ring of poison resistance for 200 gold pieces
  4549 | D:6      | Noticed Blork the orc
  4557 | D:6      | Killed Blork the orc
  4775 | D:6      | Reached XP level 8. HP: 51/58 MP: 9/9
  4986 | D:6      | Noticed Prince Ribbit
  4993 | D:6      | Reached **** piety under Lugonu
  5008 | D:6      | Killed Prince Ribbit
  5241 | D:6      | Noticed Grinder
  5342 | D:7      | Reached skill level 10 in Axes
  5391 | D:7      | Noticed a yak
  5391 | D:7      | Noticed a yak
  5391 | D:7      | Noticed a yak
  5424 | D:6      | Killed a yak
  5606 | D:7      | Killed a yak
  5607 | D:7      | Reached XP level 9. HP: 62/64 MP: 10/10
  6890 | D:8      | Reached XP level 10. HP: 66/70 MP: 11/11
  7042 | D:8      | Noticed a two-headed ogre
  7053 | D:8      | Killed a two-headed ogre
  7123 | D:8      | Reached skill level 4 in Fighting
  8102 | D:8      | Reached skill level 5 in Fighting
  8458 | D:9      | Noticed a two-headed ogre
  8467 | D:9      | Killed a two-headed ogre
  8468 | D:9      | Reached skill level 6 in Fighting
  8468 | D:9      | Reached skill level 5 in Armour
  8468 | D:9      | Reached XP level 11. HP: 83/83 MP: 12/12
  8539 | D:9      | Noticed Harold
  8555 | D:9      | Killed Harold
  8556 | D:9      | Reached skill level 8 in Fighting
  8660 | D:9      | Found a staircase to the Orcish Mines.
  9007 | D:9      | Reached skill level 9 in Fighting
  9509 | D:9      | Reached skill level 10 in Fighting
  9706 | D:9      | Reached ***** piety under Lugonu
  9934 | D:9      | Identified the amulet "Saneixumm" {Acrobat rF+ Int+4}
  9968 | D:10     | Entered Level 10 of the Dungeon
  9972 | D:9      | Reached skill level 1 in Evocations
 10102 | D:10     | Noticed a two-headed ogre
 10111 | D:10     | Killed a two-headed ogre
 10206 | D:10     | Noticed an oklob plant
 10412 | D:10     | Found a staircase to the Lair.
 10647 | D:10     | Found a glowing silver altar of Zin.
 11119 | D:10     | Reached skill level 1 in Shields
 11183 | D:10     | Noticed an oklob plant
 12116 | D:10     | Killed an oklob plant
 13072 | D:10     | Killed an oklob plant
 13073 | D:10     | Reached XP level 12. HP: 78/98 MP: 13/15
 13173 | D:11     | Noticed Snorg
 13528 | D:11     | Noticed Urug
 13539 | D:11     | Killed Urug
 13701 | D:11     | Noticed a boulder beetle
 13718 | D:11     | Killed a boulder beetle
 13985 | Lair:1   | Entered Level 1 of the Lair of Beasts
 14131 | Lair:1   | Reached skill level 5 in Invocations
 14822 | Lair:1   | Reached skill level 11 in Fighting
 14830 | Lair:1   | HP: 5/100 [poisoned by a black mamba]
 14834 | Lair:1   | HP: 2/100 [poisoned by a black mamba]
 15354 | Lair:1   | Reached skill level 5 in Shields
 15442 | Lair:1   | You fall into a shaft and drop 1 floor!
 15461 | Lair:2   | Found a runed translucent gate.
 15461 | Lair:2   | Found a runed translucent gate.
 15461 | Lair:2   | Found a runed translucent gate.
 15484 | Lair:1   | Reached skill level 5 in Evocations
 15895 | Lair:1   | Noticed an eight-headed hydra
 15898 | Lair:1   | Banished an eight-headed hydra
 15899 | Lair:1   | Reached XP level 13. HP: 106/106 MP: 12/17
 16644 | Lair:2   | Noticed greasedhog's ghost (journeyman GrBe)
 16644 | Lair:2   | Noticed a nine-headed hydra
 16645 | Lair:2   | Noticed a nine-headed hydra
 16709 | Lair:2   | Found a staircase to the Shoals.
 16716 | Lair:2   | Noticed a four-headed hydra
 16810 | Lair:2   | Reached skill level 12 in Fighting
 16929 | Lair:2   | Noticed an eight-headed hydra
 16934 | Lair:2   | Banished an eight-headed hydra
 17278 | Lair:2   | Banished a four-headed hydra
 17391 | Lair:2   | Found a staircase to the Snake Pit.
 18201 | Lair:3   | Reached skill level 13 in Fighting
 18462 | Lair:3   | Noticed a six-headed hydra
 18466 | Lair:3   | Banished a six-headed hydra
 19373 | Lair:4   | Reached XP level 14. HP: 118/118 MP: 21/21
 19641 | Lair:4   | Identified the +1 chain mail of the Valley of Death {*Slow
                  | rPois rC+++ SInv}
 19729 | Lair:4   | Reached skill level 10 in Invocations
 19790 | Lair:4   | Found a staircase to the Slime Pits.
 19790 | Lair:4   | Found a viscous altar of Jiyva.
 20456 | Lair:5   | Entered Level 5 of the Lair of Beasts
 20549 | Lair:5   | Noticed Rupert
 20558 | Lair:5   | Corrupted Lair:5
 20558 | Lair:5   | Noticed a white draconian stormcaller
 20558 | Lair:5   | Noticed a tentacled starspawn
 20564 | Lair:5   | Killed Rupert
 20570 | Lair:5   | Noticed a starcursed mass
 20728 | Lair:5   | Reached skill level 14 in Fighting
 21211 | Lair:5   | Reached skill level 15 in Axes
 21614 | Lair:5   | Found a corrupted altar of Lugonu.
 21614 | Lair:5   | Found a one-way gate to the infinite horrors of the Abyss.
 22406 | D:11     | Reached XP level 15. HP: 127/127 MP: 23/23
 22417 | D:11     | Killed Snorg
 22792 | D:11     | Noticed Grum
 22807 | D:11     | Killed Grum
 22926 | D:11     | Reached ****** piety under Lugonu
 22943 | D:11     | Reached skill level 15 in Fighting
 22973 | D:11     | Found a runed translucent door.
 22973 | D:11     | Found a runed translucent door.
 22974 | D:11     | Found a runed translucent door.
 22987 | D:11     | Identified the +6 war axe "Zyxzufir" {drain, Str+4}
 23546 | D:11     | Corrupted D:11
 23546 | D:11     | Noticed a lich
 23546 | D:11     | Noticed a tentacled starspawn
 23546 | D:11     | Noticed a cyan very ugly thing
 23547 | D:11     | Noticed a tentacled starspawn
 23547 | D:11     | Noticed a revenant
 23560 | D:11     | Noticed a profane servitor
 23565 | D:11     | Noticed a tentacled starspawn
 23567 | D:11     | Noticed a deep elf sorcerer
 23790 | D:12     | Found a frozen archway.
 23833 | IceCv    | Entered an ice cave
 23949 | IceCv    | Reached skill level 10 in Evocations
 24301 | IceCv    | Corrupted IceCv
 24301 | IceCv    | Noticed a dread lich
 24301 | IceCv    | Noticed a brown very ugly thing
 24301 | IceCv    | Noticed a revenant
 24305 | IceCv    | Reached XP level 16. HP: 32/136 MP: 16/25
 24454 | IceCv    | Found the +8 Vampire's Tooth {vamp}
 24456 | IceCv    | Identified the +11 ice dragon scales of Xoacilim {rPois rF-
                  | rC++ Str-5 Dex+6 SInv}
 24459 | IceCv    | Identified the +8 battleaxe "Meumn" {antimagic, rF+ SInv}
 25139 | D:12     | Found an ancient bone altar of Kikubaaqudgha.
 26184 | D:13     | Found a runed translucent door.
 26185 | D:13     | Noticed Kighaor's ghost (journeyman HOMo)
 26585 | D:13     | Killed Kighaor's ghost
 26587 | D:13     | Identified the ring of Riekint {Ice Str+4}
 26951 | D:14     | Noticed Jorgrun
 26960 | D:14     | Killed Jorgrun
 26965 | D:14     | Reached skill level 15 in Invocations
 27098 | D:14     | Found a gate to the Vaults.
 27568 | D:14     | Noticed Azrael
 27592 | D:14     | Killed Azrael
 27699 | D:14     | Noticed Lodul
 27706 | D:14     | Reached XP level 17. HP: 100/142 MP: 28/28
 27716 | D:14     | Killed Lodul
 27916 | D:15     | Entered Level 15 of the Dungeon
 27949 | D:15     | Noticed Roxanne
 27971 | D:15     | Killed Roxanne
 28217 | Lair:2   | Corrupted Lair:2
 28217 | Lair:2   | Noticed a tentacled starspawn
 28217 | Lair:2   | Noticed a lich
 28217 | Lair:2   | Noticed a lich
 28226 | Lair:2   | Killed greasedhog's ghost
 28233 | Lair:2   | Noticed a tentacled starspawn
 28365 | Lair:2   | Identified the ring of Viuheub {rCorr AC+4 Int+4 Dex+3}
 28377 | Lair:2   | Identified the +9 long sword "Dikumm" {venom, Fragile rElec
                  | Will+++ Str-5}
 28504 | Orc:1    | Entered Level 1 of the Orcish Mines
 28812 | Orc:2    | Entered Level 2 of the Orcish Mines
 28812 | Orc:2    | Noticed Nessos
 28815 | Orc:2    | Killed Nessos
 28909 | Orc:2    | Found a staircase to the Elven Halls.
 28952 | Orc:2    | Found Masiytt's Vocational Training.
 29256 | Orc:2    | Bought a manual of Evocations for 880 gold pieces
 29256 | Orc:2    | Bought a manual of Invocations for 880 gold pieces
 29842 | Orc:2    | Found Xiosseho's Magic Scroll Shop.
 29877 | Orc:2    | Found Onud Qemetwo's Jewellery Boutique.
 29878 | Orc:2    | Found Menatz Akod's General Store.
 29880 | Orc:2    | Bought a scroll of identify for 24 gold pieces
 29892 | Orc:2    | Found Zuto's Weapon Boutique.
 29895 | Orc:2    | Bought a wand of flame (7) for 73 gold pieces
 30268 | D:15     | Found a staircase to the Depths.
 30844 | D:3      | Killed chrisa4242's ghost
 31480 | Snake:1  | Entered Level 1 of the Snake Pit
 31727 | Snake:2  | Reached XP level 18. HP: 97/149 MP: 6/30
 34780 | Snake:3  | Reached skill level 15 in Evocations
 35325 | Snake:3  | Identified the +1 leather armour "Buompab" {Rampage rC++}
 35649 | Snake:3  | Found a runed translucent gate.
 35649 | Snake:3  | Found a runed translucent gate.
 35649 | Snake:3  | Found a runed translucent gate.
 35650 | Snake:3  | Noticed Kuasaner's ghost (adept GrFi)
 35650 | Snake:3  | Noticed Giahiaza's ghost (adept MeVM)
 35650 | Snake:3  | Noticed Ylieph's ghost (journeyman DECj)
 35650 | Snake:3  | Noticed Cifurakhle's ghost (adept MiBe)
 36477 | Snake:3  | Corrupted Snake:3
 36481 | Snake:3  | Noticed a bone dragon
 36489 | Snake:3  | Killed Giahiaza's ghost
 36495 | Snake:3  | Killed Ylieph's ghost
 36495 | Snake:3  | Killed Cifurakhle's ghost
 36497 | Snake:3  | Killed Kuasaner's ghost
 36524 | Snake:3  | Identified the ring "Cowiralodu" {+Blink Fly Str-4 Dex+8}
 36572 | Snake:4  | Entered Level 4 of the Snake Pit
 36834 | Snake:4  | Found a white marble altar of Elyvilon.
 36845 | Snake:4  | Reached skill level 10 in Shields
 36950 | Snake:4  | Identified the +6 rapier of Termination {vorpal, Str-5
                  | Dex+7}
 37020 | Snake:4  | Found Taotao's Armour Shop.
 37020 | Snake:4  | Found Ficwij's Distillery.
 37118 | Snake:4  | Bought a potion of heal wounds for 75 gold pieces
 37118 | Snake:4  | Bought a potion of might for 60 gold pieces
 37230 | Snake:4  | Reached XP level 19. HP: 155/155 MP: 10/32
 37621 | Snake:4  | Noticed Vashnia
 37628 | Snake:4  | Killed Vashnia
 38533 | Snake:4  | Corrupted Snake:4
 38533 | Snake:4  | Noticed a bone dragon
 38542 | Snake:4  | HP: 6/155 [large abomination[Lugonu's corruption] (16)]
 38547 | Snake:4  | Noticed a bone dragon
 38741 | Snake:4  | Got a serpentine rune of Zot
 38945 | Shoals:1 | Entered Level 1 of the Shoals
 39088 | Shoals:1 | Found Vatwud's Jewellery Shop.
 39369 | Elf:1    | Entered Level 1 of the Elven Halls
 40036 | Abyss:2  | Cast into level 2 of the Abyss (a wizard)
 40058 | Elf:1    | Escaped the Abyss
 40070 | Elf:1    | Reached skill level 16 in Fighting
 41387 | Elf:2    | Reached skill level 17 in Fighting
 41792 | Elf:2    | Corrupted Elf:2
 41792 | Elf:2    | Noticed a profane servitor
 41838 | Elf:2    | Found a runed translucent gate.
 41838 | Elf:2    | Found a runed translucent gate.
 41838 | Elf:2    | Found a runed translucent gate.
 42233 | Elf:2    | Reached XP level 20. HP: 134/168 MP: 11/34
 42401 | Elf:3    | Entered Level 3 of the Elven Halls
 42789 | Elf:3    | Reached skill level 18 in Fighting
 44221 | Elf:3    | Identified the +6 war axe "Qeimi" {drain, Str-4 Int+6}
 44235 | Elf:3    | Reached skill level 19 in Fighting
 44604 | Elf:3    | Got the Parchment of Hexing
 44608 | Elf:3    | Got Sif Muna's Precepts of Blasts and Shapes
 44645 | Elf:3    | Corrupted Elf:3
 44760 | Elf:3    | Identified the ring of Maec {rCorr Dex+10}
 44772 | Elf:3    | Identified the +8 short sword of the Shallot {vorpal, rN+
                  | rCorr Stlth+}
 44774 | Elf:3    | Identified the +8 chain mail "Beduossu" {Dex+4}
 44778 | Elf:3    | Identified the +2 pair of boots "Felyun" {rPois Int-4 Dex+3
                  | Slay+2}
 45349 | Lair:5   | Voluntarily entered the Abyss.
 45595 | Abyss:2  | Noticed a profane servitor
 45618 | Abyss:2  | Killed a profane servitor
 45735 | Abyss:2  | Reached skill level 20 in Fighting
 45873 | Lair:5   | Escaped the Abyss
 45892 | Lair:5   | Voluntarily entered the Abyss.
 46005 | Lair:5   | Escaped the Abyss
 46119 | Lair:5   | Upgraded the game from 0.29-a0-876-gfc89b1a5bd to
                  | 0.29-a0-878-g7b45a56547
 46596 | Shoals:1 | Reached skill level 1 in Ranged Weapons
 47185 | Shoals:2 | Reached XP level 21. HP: 165/183 MP: 11/35
 47471 | Vaults:1 | Entered Level 1 of the Vaults
 47899 | Vaults:1 | Reached skill level 5 in Dodging
 47999 | Vaults:1 | Reached skill level 10 in Armour
 48656 | Vaults:1 | Reached skill level 5 in Ranged Weapons
 49086 | Vaults:2 | You fall into a shaft and drop 2 floors!
 49824 | Vaults:2 | Reached XP level 22. HP: 155/190 MP: 12/36
 49859 | Vaults:2 | Found a portal to a secret trove of treasure.
 50256 | Vaults:2 | Found a runed translucent gate.
 50257 | Vaults:2 | Found a runed translucent gate.
 50257 | Vaults:2 | Found a runed translucent gate.
 50258 | Vaults:2 | Noticed Ezureorgha's ghost (adept HOFi)
 50259 | Vaults:2 | Found the +3 pair of gauntlets of War {Slay+5}
 50270 | Vaults:2 | Banished Ezureorgha's ghost
 50438 | Vaults:2 | Noticed Donald
 50446 | Vaults:2 | Corrupted Vaults:2
 50446 | Vaults:2 | Noticed a bone dragon
 50450 | Vaults:2 | Noticed a bone dragon
 50455 | Vaults:2 | Killed Donald
 51237 | Vaults:3 | Found a staircase to the Crypt.
 51265 | Vaults:3 | Reached skill level 10 in Ranged Weapons
 51375 | Vaults:3 | Found Kaitibb's Antique Armour Boutique.
 51689 | D:4      | Bought the ring "Kithiu" {rC+ rN+ Str+6} for 542 gold
                  | pieces
 52043 | Vaults:3 | Identified the ring of the Final Chapter {rElec rF- Will+
                  | Str+6 Int+2}
 53013 | Vaults:4 | Reached XP level 23. HP: 174/196 MP: 12/37
 53725 | Vaults:4 | Found Horirch's Magic Scroll Shop.
 54007 | Vaults:5 | Entered Level 5 of the Vaults
 54008 | Vaults:5 | Corrupted Vaults:5
 54029 | Vaults:5 | Killed a golden dragon
 54029 | Vaults:5 | Gained mutation: Your spells are a little easier to cast,
                  | but a little less powerful. [mutagenic glow]
 54178 | Vaults:5 | Reached skill level 15 in Ranged Weapons
 54621 | Vaults:5 | Identified the +10 trident of Honour {flame, Int+6}
 54633 | Vaults:5 | Identified the +4 hand axe "Bite" {vorpal, Dex+5}
 54976 | Vaults:5 | Identified the +0 robe of Liberalism {rElec Int+3}
 55199 | Vaults:5 | Noticed a dread lich
 55205 | Vaults:5 | Killed a dread lich
 55228 | Vaults:5 | Identified the +5 scale mail of Kikubaaqudgha's Pride
                  | {rPois rF++ Dex-5}
 55348 | Vaults:5 | Got the Encyclopedia of Accompaniment
 55422 | Vaults:5 | Reached XP level 24. HP: 99/204 MP: 12/37
 55427 | Vaults:5 | Got a silver rune of Zot
 56146 | Depths:1 | Entered Level 1 of the Depths
 56146 | Depths:1 | Noticed Bai Suzhen
 56156 | Depths:1 | Killed Bai Suzhen
 56311 | Depths:1 | Found a burning altar of Makhleb.
 56355 | Depths:1 | Found a glowing golden altar of the Shining One.
 56774 | Depths:1 | Found a gateway to Hell.
 56862 | Depths:1 | Noticed Sojobo
 56885 | Depths:1 | Killed Sojobo
 57459 | Depths:2 | Found a flickering gateway to a bazaar.
 57486 | Bazaar   | Entered a bazaar
 57531 | Bazaar   | Found Sozxuts's Book Emporium.
 57531 | Bazaar   | Found Foammisy's Jewellery Shoppe.
 57540 | Bazaar   | Bought the ring of Bougiczo {rPois rC+ rCorr Int-4 Stlth+}
                  | for 374 gold pieces
 57540 | Bazaar   | Bought the ring of Ijikoteal {rF+ rN+} for 398 gold pieces
 57574 | Depths:2 | Noticed Saint Roka
 57597 | Depths:2 | Killed Saint Roka
 57783 | Depths:2 | Found a one-way gate leading to the halls of Pandemonium.
 57921 | Depths:2 | Noticed a juggernaut
 57944 | Depths:2 | Killed a juggernaut
 58902 | Vaults:4 | Bought a scroll of enchant weapon for 75 gold pieces
 58902 | Vaults:4 | Bought a scroll of enchant armour for 75 gold pieces
 59187 | Orc:2    | Bought a scroll of enchant armour for 112 gold pieces
 59635 | Depths:3 | Found a stormy altar of Qazlal.
 59697 | Depths:3 | Noticed Jory
 59709 | Depths:3 | Killed Jory
 60079 | Depths:3 | Reached XP level 25. HP: 199/205 MP: 12/37
 60081 | Depths:3 | Reached skill level 15 in Armour
 60123 | Depths:3 | Identified the ring of Pietwiwe {rElec Will+ rCorr AC+4
                  | Stlth+}
 60260 | Depths:3 | Noticed the Enchantress
 60264 | Depths:3 | Corrupted Depths:3
 60291 | Depths:3 | Killed the Enchantress
 60294 | Depths:3 | Noticed Mara
 60508 | Depths:3 | Noticed ragingrage's illusion
 60667 | Depths:3 | Killed Mara
 60668 | Depths:3 | Reached skill level 15 in Shields
 60718 | Depths:3 | Reached skill level 21 in Fighting
 60728 | Depths:3 | Got the Dissertation on the Stormy Throng
 60882 | Depths:4 | Entered Level 4 of the Depths
 61152 | Depths:4 | Found Quivoewn's Distillery.
 61300 | Depths:4 | Reached skill level 22 in Fighting
 61653 | Depths:4 | Identified the +8 dagger of the Apocalypse {drain, Fly}
 61686 | Depths:4 | Found a one-way gateway to a ziggurat.
 62522 | Depths:4 | Found a gate to the Realm of Zot.
 63139 | Shoals:2 | Reached skill level 23 in Fighting
 63280 | Shoals:2 | Reached XP level 26. HP: 228/228 MP: 12/38
 64195 | Shoals:3 | Noticed Polyphemus
 64209 | Shoals:3 | Killed Polyphemus
 64891 | Shoals:3 | Reached skill level 24 in Fighting
 64973 | Shoals:4 | Entered Level 4 of the Shoals
 65422 | Shoals:4 | Identified the +8 quarterstaff of Greed {vorpal, rElec
                  | Will+}
 65561 | Shoals:4 | Got a barnacled rune of Zot
 65804 | Shoals:4 | Noticed Ilsuiw
 65826 | Shoals:4 | Killed Ilsuiw
 66555 | Lair:5   | Voluntarily entered the Abyss.
 66589 | Abyss:3  | Killed Ezureorgha's ghost
 66605 | Lair:5   | Escaped the Abyss
 66737 | Lair:5   | Voluntarily entered the Abyss.
 66744 | Abyss:3  | Noticed an ancient lich
 66757 | Abyss:3  | Killed an ancient lich
 67022 | Abyss:3  | Got an abyssal rune of Zot
 67033 | Lair:5   | Escaped the Abyss
 67175 | Slime:1  | Entered Level 1 of the Pits of Slime
 67192 | Slime:2  | Corrupted Slime:2
 67205 | Slime:1  | Gained mutation: Your spells are easier to cast, but less
                  | powerful. [a shining eye]
 67206 | Slime:1  | Corrupted Slime:1
 67426 | Slime:2  | Upgraded the game from 0.29-a0-878-g7b45a56547 to
                  | 0.29-a0-887-gcbe080d7e0
 67524 | Slime:4  | Found a viscous altar of Jiyva.
 67554 | Slime:4  | Gained mutation: You occasionally lose the ability to drink
                  | potions when taking damage. [a shining eye]
 67558 | Slime:4  | Corrupted Slime:4
 67661 | Slime:3  | Gained mutation: You occasionally lose the ability to read
                  | scrolls when taking damage. [a shining eye]
 67663 | Slime:3  | Lost mutation: Your spells are easier to cast, but less
                  | powerful. [potion of mutation]
 67663 | Slime:3  | Lost mutation: Your spells are a little easier to cast, but
                  | a little less powerful. [potion of mutation]
 67663 | Slime:3  | Gained mutation: You are clumsy. (Dex -2) [potion of
                  | mutation]
 67664 | Slime:3  | Lost mutation: You are clumsy. (Dex -2) [potion of
                  | mutation]
 67664 | Slime:3  | Lost mutation: You occasionally lose the ability to drink
                  | potions when taking damage. [potion of mutation]
 67664 | Slime:3  | Lost mutation: You occasionally lose the ability to read
                  | scrolls when taking damage. [potion of mutation]
 67664 | Slime:3  | Gained mutation: Your magical capacity is low. (-10% MP)
                  | [potion of mutation]
 67664 | Slime:3  | Gained mutation: Your body sometimes deteriorates upon
                  | taking damage. [potion of mutation]
 67664 | Slime:3  | Gained mutation: You have hidden genetic potential. [potion
                  | of mutation]
 67675 | Slime:5  | Entered Level 5 of the Pits of Slime
 67712 | Slime:5  | Gained mutation: You are clumsy. (Dex -2) [a shining eye]
 67714 | Slime:5  | Reached XP level 27. HP: 238/238 MP: 18/34
 68275 | Slime:5  | Found a viscous altar of Jiyva.
 68301 | Slime:5  | Gained mutation: You do not regenerate when monsters are
                  | visible. [a shining eye]
 68306 | Slime:5  | Lost mutation: Your body sometimes deteriorates upon taking
                  | damage. [potion of mutation]
 68306 | Slime:5  | Lost mutation: You do not regenerate when monsters are
                  | visible. [potion of mutation]
 68306 | Slime:5  | Lost mutation: Your magical capacity is low. (-10% MP)
                  | [potion of mutation]
 68306 | Slime:5  | Gained mutation: You have large cloven feet. [potion of
                  | mutation]
 68306 | Slime:5  | Gained mutation: You are partially covered in large bone
                  | plates. (SH +4) [potion of mutation]
 68306 | Slime:5  | Gained mutation: Your flesh is heat resistant. (rF+)
                  | [potion of mutation]
 68307 | Slime:5  | Noticed the Royal Jelly
 68309 | Slime:5  | Corrupted Slime:5
 68328 | Slime:5  | Killed the Royal Jelly
 68393 | Slime:5  | Identified the +1 glaive of Satyriasis {vorpal, rF- Will+++
                  | Str+5 Stlth+}
 68401 | Slime:5  | Got the Directory of the Crypt
 68403 | Slime:5  | Identified the +10 plate armour "Kacizal" {Contam Dex+8}
 68406 | Slime:5  | Identified the amulet of Bomm {Acrobat SInv Stlth+}
 68446 | Slime:5  | Identified the +11 morningstar of Insomnia {venom, rElec
                  | rPois Will++ Str-2}
 68453 | Slime:5  | Identified the +6 rapier of True Grit {venom, +Blink Int+8
                  | SInv}
 68464 | Slime:5  | Identified the ring of Vioggaj {rPois rC+ Dex+2}
 68469 | Slime:5  | Identified the +7 rapier of the Curious Loafs {spect, rElec
                  | rF+}
 68492 | Slime:5  | Identified the +1 glaive of the Pyrrhic Victory {flame, Fly
                  | rF+ Int-5}
 68494 | Slime:5  | Got a slimy rune of Zot
 68536 | Slime:5  | Identified the +6 long sword "Hoyg" {freeze, rF- rC+ Will+
                  | Dex+4}
 68937 | Hell     | Entered the Vestibule of Hell
 68937 | Hell     | Noticed Geryon
 68947 | Hell     | Corrupted Hell
 69362 | Hell     | Noticed Murray
 69382 | Hell     | Killed Murray
 69986 | Hell     | Killed Geryon
 70175 | Vaults:2 | Identified a scroll of acquirement
 70175 | Vaults:2 | Acquired a +5 arbalest of freezing
 70183 | Vaults:2 | You paid a toll of the horn of Geryon to enter a treasure
                  | trove
 70184 | Trove    | Entered a treasure trove
 70204 | Trove    | Got Sif Muna's Volume of Generative Death
 70910 | Pan      | Entered Pandemonium
 70913 | Pan      | Corrupted Pan
 71110 | Pan      | Noticed Qirao the pandemonium lord
 71113 | Pan      | Killed Qirao the pandemonium lord
 72149 | Pan      | Noticed Anokhav the pandemonium lord
 72165 | Pan      | Killed Anokhav the pandemonium lord
 72505 | Pan      | Lost mutation: You are clumsy. (Dex -2) [hidden potential]
 72908 | Pan      | Entered the realm of Lom Lobon.
 73833 | Pan      | Reached skill level 10 in Dodging
 74226 | Pan      | Noticed Lom Lobon
 74250 | Pan      | Killed Lom Lobon
 74408 | Pan      | Got a magical rune of Zot
 74658 | Pan      | Corrupted Pan
 74659 | Pan      | HP: 10/237 [smoke demon/divine providence (12)]
 74677 | Pan      | Noticed an ancient lich
 75654 | Pan      | Noticed Ixuixovo the pandemonium lord
 75663 | Pan      | Killed Ixuixovo the pandemonium lord
 76271 | Pan      | Got a demonic rune of Zot
 76496 | Pan      | Entered the realm of Gloorx Vloq.
 76633 | Pan      | Gained mutation: Your spells are a little harder to cast,
                  | but a little more powerful. [hidden potential]
 76633 | Pan      | Lost mutation: You have hidden genetic potential. [hidden
                  | potential expressed]
 76749 | Pan      | Found an exit through the horrors of the Abyss.
 77184 | Pan      | Noticed Gloorx Vloq
 77187 | Pan      | Corrupted Pan
 77205 | Pan      | Killed Gloorx Vloq
 77218 | Pan      | HP: 5/238 [Executioner (18)]
 77684 | Pan      | Got a dark rune of Zot
 77884 | Pan      | Noticed Tetau the pandemonium lord
 77892 | Pan      | Corrupted Pan
 77903 | Pan      | Killed Tetau the pandemonium lord
 78591 | Pan      | Noticed Tatsoot the pandemonium lord
 78608 | Pan      | Killed Tatsoot the pandemonium lord
 78918 | Pan      | Found an exit through the horrors of the Abyss.
 79420 | Pan      | Gained mutation: You are dopey. (Int -2) [a neqoxec]
 79466 | Pan      | Corrupted Pan
 79712 | Pan      | Entered the realm of Cerebov.
 79854 | Pan      | Reached skill level 25 in Fighting
 80000 | Pan      | Identified the +7 flail "Eduseid" {freeze, rF++}
 80354 | Pan      | Found an exit through the horrors of the Abyss.
 80626 | Pan      | Reached skill level 1 in Throwing
 80659 | Pan      | Found the +6 sword of Cerebov {flame}
 80659 | Pan      | Noticed Cerebov
 80664 | Pan      | Corrupted Pan
 80680 | Pan      | Killed Cerebov
 80695 | Pan      | Identified the +2 arbalest of Karma {elec, Str+6}
 80700 | Pan      | Identified the +8 hand axe of Mayhem {holy, Will- Str+5
                  | Int+7}
 80703 | Pan      | Identified the +8 spear "Undertaker" {freeze, rPois rN++
                  | Will+}
 80747 | Pan      | Got a fiery rune of Zot
 80805 | Pan      | Identified the ring of Moderation {Will- Int+6 Dex+4 SInv}
 80870 | Pan      | Identified the +7 scimitar of Qazlal's Grace {venom, rElec
                  | rCorr Stlth+}
 80871 | Pan      | Identified the +11 dagger "Ekhlinibb" {vorpal, rElec rC+}
 80908 | Pan      | Identified the +1 plate armour of Nusacesk {rPois Stlth+}
 80938 | Pan      | Identified the +5 rapier "Todiss" {holy, Str+2}
 80963 | Pan      | Identified the +1 cloak of the Journeyman {rPois Str-4
                  | Int+6}
 81064 | Pan      | Noticed Winuim the pandemonium lord
 81082 | Pan      | Killed Winuim the pandemonium lord
 81205 | Pan      | Found an exit through the horrors of the Abyss.
 81535 | Depths:2 | Escaped Pandemonium
 81742 | Zot:1    | Entered Level 1 of the Realm of Zot
 83629 | Zot:2    | Reached skill level 5 in Throwing
 85009 | Zot:3    | Noticed Vv
 85009 | Zot:3    | Found the +7 captain's cutlass {speed, disarm}
 85037 | Zot:3    | Killed Vv
 85149 | Zot:4    | Reached skill level 26 in Fighting
 85498 | Zot:4    | Noticed a Killer Klown
 85506 | Zot:4    | Killed a Killer Klown
 86406 | Zig:1    | Entered Level 1 of a ziggurat
 86407 | Zig:1    | Noticed a juggernaut
 86422 | Zig:1    | Killed a juggernaut
 86433 | Zig:2    | Entered Level 2 of a ziggurat
 86463 | Zig:3    | Entered Level 3 of a ziggurat
 86496 | Zig:3    | Acquired the +7 executioner's axe "Ekhleocw" {flame, Will+
                  | Dex+3}
 86602 | Zig:4    | Entered Level 4 of a ziggurat
 86605 | Zig:4    | Noticed a Killer Klown
 86620 | Zig:4    | Killed a Killer Klown
 86624 | Zig:4    | Identified the ring "Enimaus" {rElec rN+ Will- Str+6
                  | Stlth+}
 86630 | Zig:5    | Entered Level 5 of a ziggurat
 86634 | Zig:5    | Found the +4 skin of Zhor {*Englaciate rC+++ SInv}
 86658 | Zig:5    | Got the Compilation of Dynamic Dislocation
 86790 | Zig:6    | Entered Level 6 of a ziggurat
 86814 | Zig:6    | Identified the +1 longbow "Gybbud" {speed, rF+}
 86831 | Zig:7    | Entered Level 7 of a ziggurat
 86835 | Zig:7    | Noticed a royal mummy
 86847 | Zig:7    | Killed a royal mummy
 86852 | Zig:7    | Identified the +4 spear of Ancient Evil {freeze, *Rage
                  | rPois Str+8}
 86947 | Zig:8    | Entered Level 8 of a ziggurat
 86998 | Zig:9    | Entered Level 9 of a ziggurat
 87006 | Zig:9    | Found the +7 mace of Variability {chain chaos}
 87059 | Zig:10   | Entered Level 10 of a ziggurat
 87090 | Zig:10   | Identified the +7 battleaxe of Laceration {vorpal, Str+6
                  | Int+2}
 87092 | Zig:10   | Identified the +4 war axe of Kyfu {protect, rPois Str+2}
 87096 | Zig:10   | Identified the ring of Egomania {rElec SInv}
 87109 | Zig:11   | Entered Level 11 of a ziggurat
 87118 | Zig:11   | Gained mutation: Your system is resistant to poisons.
                  | (rPois) [a shining eye]
 87128 | Zig:11   | Reached skill level 10 in Throwing
 87134 | Zig:11   | Gained mutation: Potions are less effective at restoring
                  | your health. [a shining eye]
 87136 | Zig:11   | Reached skill level 27 in Fighting
 87172 | Zig:11   | Identified the +7 mace of Welfare {vorpal, SInv}
 87190 | Zig:12   | Entered Level 12 of a ziggurat
 87197 | Zig:12   | Noticed a royal mummy
 87199 | Zig:12   | Noticed a royal mummy
 87207 | Zig:12   | Corrupted Zig:12
 87238 | Zig:12   | Killed a royal mummy
 87243 | Zig:12   | HP: 6/249 [something (12)]
 87246 | Zig:12   | Killed a royal mummy
 87298 | Zig:12   | Identified the +11 halberd of Due Proportion {pain, rF+
                  | Int+3}
 87349 | Zig:12   | Lost mutation: Your spells are a little harder to cast, but
                  | a little more powerful. [potion of mutation]
 87349 | Zig:12   | Lost mutation: Your flesh is heat resistant. (rF+) [potion
                  | of mutation]
 87349 | Zig:12   | Gained mutation: You expend magic power (3 MP) to
                  | strengthen your wands. [potion of mutation]
 87349 | Zig:12   | Gained mutation: You are strong-willed. (Will+) [potion of
                  | mutation]
 87349 | Zig:12   | Gained mutation: You are clumsy. (Dex -2) [potion of
                  | mutation]
 87349 | Zig:12   | Gained mutation: Your flesh is heat resistant. (rF+)
                  | [potion of mutation]
 87350 | Zig:12   | Lost mutation: You are clumsy. (Dex -2) [potion of
                  | mutation]
 87350 | Zig:12   | Lost mutation: Potions are less effective at restoring your
                  | health. [potion of mutation]
 87350 | Zig:12   | Lost mutation: You are partially covered in large bone
                  | plates. (SH +4) [potion of mutation]
 87350 | Zig:12   | Gained mutation: You passively dampen the noise of your
                  | surroundings. [potion of mutation]
 87352 | Zig:12   | Identified the +0 leather armour of Puacuz {Harm rC+
                  | Slay+2}
 87431 | Zig:13   | Entered Level 13 of a ziggurat
 87444 | Zig:13   | Noticed Yxzopoh the pandemonium lord
 87492 | Zig:13   | Escaped the Abyss
 87599 | Abyss:3  | Found a corrupted altar of Lugonu.
 87645 | Zig:13   | Escaped the Abyss
 87845 | Abyss:3  | Gained mutation: You occasionally lose the ability to read
                  | scrolls when taking damage. [a neqoxec]
 87849 | Abyss:3  | Gained mutation: Your magical capacity is low. (-10% MP) [a
                  | neqoxec]
 87950 | Zig:13   | Escaped the Abyss
 87964 | Zig:13   | HP: 7/242 [balrug/divine providence (13)]
 87970 | Zig:13   | HP: 10/244 [demonspawn black sun/+0 demon trident (7)]
 87970 | Zig:13   | HP: 3/244 [Ice Fiend/bolt of cold (4)]
 87970 | Zig:13   | Killed from afar by a starcursed mass

Illustrated notes

Levels and vault maps discovered:
D:1:      kb_arrival_jail, layout_rooms,
          dreamdust_ecumenical_altar_hidden_monk_grotto, serial_curves,
          eino_curves_02, eino_curves_04, eino_curves_04, eino_curves_01
D:2:      layout_basic, serial_shops, shop, uniq_terence
D:3:      layout_basic, biasface_ghost_orc_armoury, palyth_stone_intersect
D:4:      layout_basic, nicolae_overflow_squiral, serial_shops,
          nicolae_shop_behind_doors, roderic_malta_cross, uniq_eustachio
D:5:      layout_basic, minmay_temple_entry_gardened_gates, serial_shops, shop,
          minivault_23
D:6:      layout_loops_corners, hangedman_abyss_or_decor_stabs,
          amethyst_killhole, uniq_blork_the_orc, uniq_prince_ribbit1,
          uniq_grinder
D:7:      layout_cave_pools
D:8:      layout_basic, kennysheep_generic_room_12
D:9:      layout_irregular_city, david_orc_5, uniq_harold
D:10:     layout_irregular_city, mainiacjoe_overflow_alcove_4,
          dpeg_oklobed_lair, serial_column_ruins, column_ruins_circle_medium,
          column_ruins_columns_straight, column_ruins_columns_dead_end,
          column_ruins_open_small, column_ruins_open_small,
          column_ruins_corridor_straight
D:11:     minmay_the_grid_triangle_9x9_line_8_mashed
          [minmay_the_grid_triangle_9x9_semitri,
          minmay_the_grid_triangle_9x9_corruption,
          minmay_the_grid_triangle_9x9_windchime,
          minmay_the_grid_triangle_9x9_fully_insulated_deathbox,
          minmay_the_grid_triangle_9x9_sparse_checkered,
          minmay_the_grid_triangle_9x9_steps,
          minmay_the_grid_triangle_9x9_odd_lines,
          minmay_the_grid_triangle_9x9_prize_center], layout_stronghold,
          minmay_increasing_density, uniq_snorg, uniq_urug, uniq_grum
D:12:     wander_kiku_kobolds, layout_long_grid, serial_ice, serial_ice_k,
          serial_ice_g, serial_ice_h, serial_ice_m, serial_ice_e, serial_ice_o,
          portal_ice_cave_demonic_guard, minmay_gold_behind_fungi,
          eino_small_chamber_without_monster
D:13:     layout_grid_maze, ebering_ghost_inner_flame
D:14:     layout_basic, skrybe_vaults_entry_preservation, minmay_misc_feat_five,
          uniq_azrael, uniq_jorgrun, uniq_lodul
D:15:     gammafunk_depths_entry_grave, layout_rooms, kennysheep_flooded_box,
          nicolae_kite_square_tiling_tiny, uniq_roxanne
Lair:1:   cheibrodos_lair_river_kwai, layout_long_grid, grunt_megastairs_5,
          serial_bayou_shore_a, lemuel_fruit_fields
Lair:2:   layout_gridlike, minmay_shoals_entry_beasts,
          minmay_snake_entry_guardpost_small, special_room [special_room_bee],
          gammafunk_ghost_hydra_chop
Lair:3:   layout_layer_cave
Lair:4:   layout_regular_city, minmay_slime_entry_jelly_boxes,
          infiniplex_staircase_pool_2
Lair:5:   hellmonk_lair_end_abyssal_woods, layout_regular_city, uniq_rupert
Shoals:1: layout_shoals, minmay_shop_enchanted_jewellery
Shoals:2: layout_shoals, nicolae_shoals_siren_and_animal_friends
Shoals:3: argonaut_golden_fleece, layout_shoals, uniq_polyphemus
Shoals:4: shoals_end_grunt_garden, layout_shoals, shoals_ilsuiw_ice
Snake:1:  layout_rooms
Snake:2:  layout_layer_cave, grunt_ministairs_12, nicolae_triple_integral,
          grunt_megastairs_4
Snake:3:  layout_gridlike, gammafunk_ghost_cemetery
Snake:4:  hellmonk_snake_rune_quicksilver_temple, layout_basic, basic_altar,
          minmay_shoptagon, uniq_vashnia, uniq_louise
Slime:1:  layout_caves, cheibrodos_slime_lost_civilization_7
Slime:2:  layout_caves
Slime:3:  layout_caves
Slime:4:  layout_caves, basic_altar
Slime:5
Orc:1:    layout_caves
Orc:2:    st_orc_open, layout_diamond_mine, nicolae_shop_vocational, uniq_nessos
Elf:1:    layout_gridlike, hangedman_elf_disciples
Elf:2:    elven_hall_of_blades_hangedman_original
          [nicolae_blade_entry_sentries_behind_glass], layout_loops_corners,
          dilly_guarded_unrand_elemental_staff
Elf:3:    minmay_elf_hall, layout_loops_corners, serial_sigils_hangedman_shear,
          nicolae_fountain_basement
Vaults:1: nicolae_vaults_inception_statues, vaults_room_pool,
          vaults_mumra_hexcomb, hangedman_vaults_impose, v_misc_19,
          hangedman_vaults_stretched_pinwheel, hangedman_vaults_hat, v_rooms_3,
          hangedman_vaults_nodes, ontoclasm_vaults_hangar,
          nicolae_vaults_angled_halls, nicolae_vaults_sealed_display,
          vaults_room_pool, layout_vaults_maze_snakey
Vaults:2: ebering_ghost_rock_garden, hangedman_vaults_variations,
          ontoclasm_vaults_ring_large, ontoclasm_vaults_ring_small, v_misc_33,
          hangedman_vaults_stretched_pinwheel, grunt_vaults_trifunnel,
          v_misc_24, grunt_vaults_funnel, layout_vaults_omnicross,
          enter_trove_5, uniq_donald
Vaults:3: vaults_standard_mumra_lines, st_squares, v_pattern_2,
          nicolae_vaults_shelves_hall, nicolae_vaults_what_the_h, v_misc_24,
          ontoclasm_vaults_decontamination, dpeg_vaults_monster_box,
          layout_vaults_quadrants, serial_shops, shop
Vaults:4: nicolae_vaults_asterisk, vaults_room_corners, v_misc_16,
          ontoclasm_vaults_spin, vaults_dpeg_cross,
          ontoclasm_vaults_ring_square, ontoclasm_vaults_fire_temple,
          vaults_room_large_hall, v_misc_24, vaults_room_pools,
          layout_vaults_ring, serial_shops, shop
Vaults:5
Depths:1: layout_gridlike, hell_entry, nzn_life_drinkers, uniq_sojobo,
          uniq_bai_suzhen
Depths:2: minmay_distorted_concentric_squares, layout_gridlike, serial_shops,
          bzr_entry_road, hell_entry, grunt_pan_entry_in_and_out,
          abandoned_shop, hex_intersection, uniq_saint_roka
Depths:3: kennysheep_four_of_diamonds, layout_cave_pools, hell_entry,
          abyss_entry, kennysheep_small_spiral,
          nicolae_qazlal_style_of_elements, uniq_mara, uniq_jory,
          uniq_enchantress
Depths:4: grunt_zot_entry_hairpin, layout_cave_pools, enter_ziggurat_a,
          hangedman_abyss_entry_splay, minmay_stone_trees_small, serial_shops,
          nicolae_shop_crystal, hell_entry, hangedman_decor_opposing,
          kennysheep_random_hallway
Hell
Zot:1:    evilmike_crystal_ball_defense, layout_basic, st_stairs_14,
          grunt_ministairs_5
Zot:2:    layout_concentric_octagons, st_single_dragon_hoard_2,
          grunt_ministairs_1, st_stairs_9
Zot:3:    layout_basic, st_small_dragon_hoard_1, uniq_vv
Zot:4:    layout_cathedral_of_symmetry, hangedman_zot_decor_checkerboard
Zig:13

Skill      XL: |  1  2  3  4  5  6  7  8  9 10 11 12 13 14 15 16 17 18 19 20 21 22 23 24 25 26 27 |
---------------+----------------------------------------------------------------------------------+-----
Dodging        | 1 2 4 5 14 | 14.0
Axes           | 3 4 5 7 8 10 13 14 15 16 18 19 20 24 | 24.0
Armour         | 5 7 9 11 14 16 17 25 | 25.1
Fighting       | 6 10 11 13 14 15 17 20 23 24 27 | 27.0
Evocations     | 2 5 6 8 10 11 13 16 18 20 | 20.0
Invocations    | 4 6 9 11 13 15 17 19 20 21 22 23 | 23.0
Shields        | 2 5 7 10 13 14 15 17 20 | 20.0
Ranged Weapons | 1 7 12 16 18 | 18.0
Throwing       | 13 | 13.2

Action                   |  1- 3 |  4- 6 |  7- 9 | 10-12 | 13-15 | 16-18 | 19-21 | 22-24 | 25-27 || total
-------------------------+-------+-------+-------+-------+-------+-------+-------+-------+-------++-------
Melee: Hand axe          |    39 |   117 |   169 |   465 |   890 |       |       |       |       ||  1680
       Dagger            |       |     5 |       |       |       |       |       |       |       ||     5
       Punch             |       |       |     2 |     4 |       |       |       |       |       ||     6
       War axe           |       |       |       |       |   199 |   743 |       |       |       ||   942
       Battleaxe         |       |       |       |       |       |   439 |  1189 |  1123 |  3693 ||  6444
       Executioner's axe |       |       |       |       |       |       |       |       |   202 ||   202
 Fire: Arbalest          |       |       |       |    38 |    10 |       |       |    21 |   321 ||   390
       Longbow           |       |       |       |       |       |    15 |    12 |       |       ||    27
Throw: Dart              |       |       |     5 |    44 |     4 |     3 |     3 |     6 |     4 ||    69
Invok: Banish            |       |     1 |       |     1 |    12 |     6 |     2 |     2 |       ||    24
       Corrupt           |       |       |       |       |     3 |     2 |     3 |     2 |    13 ||    23
       Bend Space        |       |       |       |       |     1 |     1 |     2 |     1 |     9 ||    14
       Depart the Abyss  |       |       |       |       |       |       |     1 |       |     1 ||     2
       Enter the Abyss   |       |       |       |       |       |       |       |       |     3 ||     3
 Abil: Dig               |       |     1 |       |     4 |     2 |     4 |       |     3 |     4 ||    18
Evoke: Wand              |       |       |     5 |     5 |     6 |    33 |    12 |     1 |     3 ||    65
       Tin of tremorston |       |       |       |       |     3 |     1 |     3 |     2 |    14 ||    23
       Condenser vane    |       |       |       |       |       |     2 |     5 |     3 |     8 ||    18
       Phantom mirror    |       |       |       |       |       |       |     1 |       |     3 ||     4
       Box of beasts     |       |       |       |       |       |       |     1 |     2 |     9 ||    12
       Horn of Geryon    |       |       |       |       |       |       |       |       |     1 ||     1
  Use: Scroll            |       |     2 |     1 |     6 |    14 |     8 |     4 |     7 |    21 ||    63
       Potion            |       |       |       |       |     2 |     6 |     9 |     7 |    33 ||    57
 Stab: Invisible         |       |       |       |     5 |     1 |     1 |     1 |     1 |     1 ||    10
       Petrified         |       |       |       |       |    16 |     3 |       |       |       ||    19
       Petrifying        |       |       |       |       |     1 |       |       |       |       ||     1
       Distracted        |       |       |       |       |       |     1 |     1 |     4 |     7 ||    13
       Paralysed         |       |       |       |       |       |       |       |       |     3 ||     3
Armor: Leather armour    |    10 |     8 |       |       |       |       |       |       |       ||    18
       Scale mail        |       |    45 |    69 |   117 |   390 |   362 |   369 |   384 |       ||  1736
       Gold dragon scale |       |       |       |       |       |       |       |    24 |  2362 ||  2386
Dodge: Dodged            |    35 |    76 |    68 |   171 |   408 |   435 |   355 |   381 |  1315 ||  3244
       Repelled          |       |       |       |       |       |    20 |    12 |    13 |    72 ||   117
Block: Buckler           |       |       |       |    35 |   212 |    75 |   196 |   226 |       ||   744
       Kite shield       |       |       |       |       |       |   368 |   260 |       |  2028 ||  2656
       Tower shield      |       |       |       |       |       |       |       |   291 |  1887 ||  2178

Table legend: (Time is in decaauts)
 A = Elapsed time spent in this place.
 B = Non-inter-level travel time spent in this place.
 C = Inter-level travel time spent in this place.
 D = Time resting spent in this place.
 E = Time spent auto-exploring this place.
 F = Levels seen in this place.
 G = Mean time per level.
                   A        B        C        D        E       F      G
               +--------+--------+--------+--------+--------+-----+--------+
         Total |  86389 |  78347 |   8042 |  20033 |  36857 |  88 |  981.7 |
       Dungeon |  21800 |  18249 |   3551 |   5621 |   9293 |  15 | 1453.3 |
          Lair |   9831 |   8291 |   1540 |   2131 |   4367 |   5 | 1966.2 |
        Shoals |   5058 |   4800 |    258 |    561 |   2969 |   4 | 1264.5 |
     Snake Pit |   7494 |   7111 |    383 |   2213 |   3362 |   4 | 1873.5 |
    Slime Pits |   1458 |   1378 |     80 |    540 |     25 |   5 |  291.6 |
  Orcish Mines |   1600 |   1354 |    246 |    240 |    725 |   2 |  800.0 |
   Elven Halls |   5120 |   4933 |    187 |   1666 |   2040 |   3 | 1706.7 |
        Vaults |   8800 |   7825 |    975 |   2082 |   3910 |   5 | 1760.0 |
        Depths |   7069 |   6458 |    611 |   2495 |   2320 |   4 | 1767.2 |
          Hell |    207 |    206 |      1 |      0 |      8 |   1 |  207.0 |
           Zot |   4324 |   4117 |    207 |    507 |   2616 |   4 | 1081.0 |
         Abyss |   1412 |   1412 |      0 |    314 |    111 |  10 |  141.2 |
   Pandemonium |  10205 |  10205 |      0 |   1227 |   4736 |  10 | 1020.5 |
      Ziggurat |   1019 |   1019 |      0 |    320 |     10 |  13 |   78.4 |
        Bazaar |     62 |     62 |      0 |     39 |     12 |   1 |   62.0 |
         Trove |     70 |     70 |      0 |      0 |      0 |   1 |   70.0 |
      Ice Cave |    851 |    851 |      0 |     72 |    350 |   1 |  851.0 |
               +--------+--------+--------+--------+--------+-----+--------+

Top non-repeatable levels by time:
    D:10: 3506 daAuts
  Lair:1: 2905 daAuts
 Snake:2: 2852 daAuts
     D:9: 2584 daAuts
   Elf:3: 2536 daAuts
  Lair:5: 2431 daAuts
 Snake:4: 2316 daAuts
    D:11: 2315 daAuts
Depths:1: 2064 daAuts
Vaults:4: 1910 daAuts
Depths:2: 1895 daAuts
Depths:4: 1855 daAuts
Vaults:1: 1780 daAuts
Vaults:5: 1724 daAuts
Vaults:3: 1705 daAuts
